Map: Dusk Towers

Players

MorN - Winner!

  • Race: Terran Terran
  • League: Master

JOOsh

  • Race: Terran Terran
  • League: Diamond

VOD

Have the link to the VOD?

Description

Time

  • Played on: Dec. 5, 2015, 4:02 p.m.
  • Length: 10:49
Show
View Real Time Build Order
Export as new Build Order

MorN Terran - Winner!

Build Orders: 1/1/1, MMM Bio, Banshee Rush 

Get SALT Encoding   

  12  0:00  SCV  
  13  0:12  SCV  
  14  0:17  Supply Depot  
  14  0:25  SCV  
  14  0:27  Refinery  
  15  0:39  SCV  
  16  0:44  Barracks  
  16  0:51  SCV  
  16  0:55  Refinery  
  17  1:03  SCV  
  18  1:15  SCV  
  19  1:27  SCV  
  19  1:32  Reaper  
  21  1:34  Factory  
  21  1:40  Orbital Command  
  21  1:49  Supply Depot  
  21  2:04  Reaper  
  21  2:06  SCV  
  23  2:18  SCV  
  23  2:19  Starport  
  23  2:20  Hellion  
  26  2:33  SCV  
  27  2:39  Barracks Tech Lab  
  27  2:41  Supply Depot  
  27  2:53  Hellion  
  28  3:06  Cloaking Field  
  28  3:07  Banshee  
  28  3:09  Barracks Tech Lab  
  28  3:12  SCV  
  32  3:18  Hellion  
  34  3:32  Stimpack  
  34  3:34  SCV  
  34  3:37  Supply Depot  
  35  3:48  SCV  
  36  3:53  Raven  
  36  3:55  Factory Reactor  
  38  3:57  Command Center  
  38  4:00  SCV, Marine  
  40  4:15  SCV  
  41  4:18  Marine  
  42  4:27  SCV  
  43  4:33  Supply Depot  
  43  4:38  Banshee  
  43  4:39  SCV  
  43  4:42  Engineering Bay  
  47  4:51  SCV  
  46  5:04  Hellion x2  
  46  5:05  SCV, Marine  
  51  5:10  Command Center  
  48  5:23  Marine  
  49  5:33  SCV, Orbital Command  
  50  5:36  Barracks x2  
  50  5:37  Starport Reactor  
  50  5:40  Combat Shields  
  50  5:45  SCV  
  50  5:48  Terran Infantry Weapons Level 1  
  51  5:59  SCV  
  51  6:01  SCV  
  53  6:15  Marine  
  53  6:17  SCV x2, Siege Tank  
  59  6:20  Supply Depot  
  59  6:21  Refinery  
  59  6:25  Starport Reactor  
  59  6:33  Orbital Command  
  59  6:34  Marine x2  
  59  6:35  Marine  
  59  6:37  SCV  
  63  6:42  Marine x2  
  63  6:46  SCV  
  66  6:47  Supply Depot  
  66  6:52  Marine x3  
  72  6:54  Siege Tank  
  72  6:55  Barracks x2  
  72  7:02  Marine x2  
  72  7:03  Medivac x2, Orbital Command  
  76  7:12  Marine x3  
  76  7:20  Marine  
  76  7:34  Marine x2  
  76  7:35  Medivac, Marine x2  
  82  7:37  Supply Depot, Marine  
  82  7:43  Missile Turret  
  80  7:46  Terran Infantry Armor Level 1  
  80  7:51  SCV  
  80  7:55  Medivac  
  80  7:57  Barracks Reactor x2  
  83  7:59  SCV  
  83  8:02  Marine x2  
  83  8:05  SCV  
  84  8:13  SCV  
  84  8:14  Marine x2  
  84  8:15  SCV  
  84  8:17  SCV  
  89  8:21  Engineering Bay  
  89  8:24  Armory  
  89  8:28  Marauder, Marine x2  
  89  8:32  Marine x2  
  95  8:35  SCV x2  
  95  8:36  SCV  
  94  8:47  Marine x2  
  94  8:48  Marine  
  94  8:49  Marine x4  
  94  8:50  SCV, Marauder  
  94  8:54  Siege Tank  
  105  9:03  Marine  
  105  9:04  Medivac  
  105  9:05  Marine  
  109  9:11  Supply Depot  
  109  9:13  Marauder, Medivac  
  111  9:32  Marine x2  
  111  9:35  Marauder, Marine x5  
  119  9:39  Marine  
  119  9:44  SCV  
  119  9:45  Supply Depot  
  120  9:46  SCV  
  120  9:48  SCV  
  120  9:50  Marine  
  120  9:52  Refinery  
  123  9:55  Marine x2  
  125  10:06  Marauder, Marine x3  
  130  10:09  Supply Depot  
  130  10:10  Supply Depot  
  130  10:11  Marine x2  
  132  10:16  SCV  
  133  10:23  Supply Depot  
  133  10:30  SCV x2  
Show
View Real Time Build Order
Export as new Build Order

JOOsh Terran 

Build Orders: 1/1/1, Banshee Rush 

Get SALT Encoding   

  12  0:00  SCV  
  13  0:14  Refinery  
  13  0:15  SCV  
  14  0:26  Supply Depot  
  14  0:29  SCV  
  15  0:48  SCV  
  16  0:50  Barracks  
  16  1:00  SCV  
  17  1:12  SCV  
  18  1:24  SCV  
  19  1:37  Reaper  
  19  1:38  Refinery, Orbital Command  
  20  1:41  Factory  
  20  1:47  Supply Depot  
  20  2:05  SCV  
  21  2:09  Reaper  
  22  2:17  SCV  
  23  2:25  Starport  
  23  2:26  Hellion  
  23  2:29  SCV  
  26  2:32  Supply Depot  
  26  2:41  SCV  
  27  2:52  Hellion  
  27  2:54  SCV  
  27  2:57  Barracks Tech Lab  
  30  3:03  Supply Depot  
  30  3:10  SCV  
  31  3:13  Hellion  
  33  3:21  Banshee  
  33  3:22  Cloaking Field  
  33  3:26  SCV  
  37  3:30  Barracks Reactor  
  37  3:31  Supply Depot  
  37  3:43  Hellion  
  39  3:58  Command Center  
  41  4:18  Marine x2  
  41  4:20  Factory Tech Lab  
  41  4:21  SCV  
  41  4:23  Engineering Bay  
  42  4:25  Supply Depot  
  42  4:26  Raven  
  44  4:36  SCV  
  45  4:41  Marine x2  
  43  4:45  Cyclone  
  37  5:32  SCV  
  39  5:36  Orbital Command  
  38  5:44  SCV  
  38  5:45  Banshee  
  42  5:56  SCV  
  43  5:58  Marine x2  
  43  6:02  SCV  
  46  6:06  Supply Depot  
  46  6:08  SCV  
  39  6:14  SCV  
  38  6:18  Marine x2  
  38  6:20  SCV  
  41  6:25  Supply Depot  
  41  6:26  SCV  
  43  6:32  SCV  
  43  6:36  Marine x2  
  43  6:38  SCV  
  46  6:40  Barracks  
  46  6:41  Barracks  
  46  6:44  SCV  
  47  6:50  SCV  
  47  6:51  Siege Tank  
  51  6:58  SCV  
  51  7:00  Refinery  
  52  7:01  Supply Depot  
  52  7:02  SCV  
  53  7:20  Marine  
  53  7:22  Stimpack  
  54  7:23  SCV x2  
  49  7:38  Marine  
  49  7:41  Marine x2  
  49  7:43  SCV x2  
  53  7:48  Siege Tank  
  53  7:49  Command Center  
  56  7:55  SCV x2  
  56  7:56  Supply Depot, Marine  
  56  7:58  Viking  
  61  8:01  Barracks Reactor x2  
  61  8:07  SCV  
  62  8:14  Marine  
  62  8:17  SCV, Missile Turret x2  
  62  8:19  SCV  
  65  8:23  Viking  
  67  8:28  Viking  
  67  8:29  SCV, Refinery  
  67  8:31  Supply Depot  
  67  8:32  Marine  
  67  8:33  SCV  
  72  8:41  SCV  
  72  8:45  SCV  
  72  8:48  Marine x4  
  72  8:49  Marine  
  72  8:53  SCV  
  77  8:57  SCV  
  75  9:03  Siege Tank  
  75  9:05  SCV, Orbital Command  
  75  9:06  Marine x2  
  75  9:09  SCV, Barracks  
  82  9:13  Barracks  
  82  9:14  Marine x2  
  84  9:20  Marine, Medivac x2  
  84  9:22  SCV, Combat Shields  
  84  9:23  SCV  
  91  9:36  Orbital Command  
  91  9:40  SCV x2  
  91  9:41  Marine x3  
  91  9:42  Siege Tank  
  91  9:43  Marine x2  
  101  9:52  SCV  
  102  9:59  Barracks Reactor, Marine x2  
  104  10:00  Barracks Reactor  
  104  10:01  SCV  
  104  10:02  SCV  
  104  10:04  SCV  
  107  10:10  Supply Depot  
  107  10:13  SCV, Marine x3  
  111  10:14  SCV, Siege Tank  
  111  10:16  Marine  
  116  10:26  SCV x2  
  116  10:27  Sensor Tower, Marine  
  116  10:28  SCV  
  120  10:30  Marine  
  120  10:35  Armory, Barracks  
  121  10:36  Refinery  
  121  10:37  Refinery, Engineering Bay  
  121  10:38  Barracks x2  
Tags
 
Composition
MMM Bio
Matchup
TvT
Opening
1/1/11/1/1
Race
Terran
Replay Pack
MorN pack 2
Add a new tag
Caveats
  • Supply blocks, unpowered buildings, or Contaminate may cause inaccurate times.
  • Supply counts are checked every 10 seconds.